 Dungeon Crawl Stone Soup version 0.19.1-1-g22dce08 (webtiles) character file.

270 Peloso the Slasher (level 6, -2/51 HPs)
             Began as a Ghoul Gladiator on Dec 31, 2016.
             Killed by divine providence
             ... invoked by an orc priest
              (9 damage)
             ... on level 4 of the Dungeon.
             The game lasted 00:05:39 (2379 turns).

Peloso the Slasher (Ghoul Gladiator)                Turns: 2379, Time: 00:05:39

Health: -2/51      AC:  7    Str: 19    XL:     6   Next: 22%
Magic:  5/5        EV:  8    Int:  3    God:
Gold:   203        SH:  8    Dex: 11    Spells: 0 memorised, 5 levels left

rFire  . . .     SeeInvis .     a - +0 long sword
rCold  + . .     Gourm    .     q - +0 scale mail
rNeg   + + +     Faith    .     n - +0 shield
rPois  ∞         Spirit   .     c - +0 helmet
rElec  .         Reflect  .     (no cloak)
rCorr  .         Harm     .     (no gloves)
MR     .....                    (no boots)
Stlth  ..........               (no amulet)
                                s - ring of flight
                                r - ring of positive energy

@: rotting
A: rotting body, claws 1, carnivore 3, cold resistance 1, negative energy
resistance 3, slow regeneration 1, torment resistance, unbreathing
a: Evoke Flight


You were on level 4 of the Dungeon.
You were not hungry.

You visited 1 branch of the dungeon, and saw 4 of its levels.

You collected 203 gold pieces.

Inventory:

Hand Weapons
 a - a +0 long sword (weapon)
 h - a cursed -3 short sword
Missiles
 d - 5 throwing nets (quivered)
Armour
 b - a +0 leather armour
 c - a +0 helmet (worn)
 n - a +0 shield (worn)
 q - a +0 scale mail (worn)
Jewellery
 r - a ring of positive energy (left claw)
 s - a ring of flight (right claw)
Scrolls
 g - 3 scrolls of identify
 j - a scroll of magic mapping {unknown}
 l - 3 scrolls of enchant armour {unknown}
 p - 4 scrolls of teleportation {unknown}
 t - a scroll of remove curse
 v - 2 scrolls of recharging {unknown}
 w - 2 scrolls of immolation {unknown}
Potions
 e - 2 potions of brilliance {unknown}
 i - 2 potions of curing
 k - a potion of haste
 u - a potion of cancellation {unknown}
Comestibles
 f - 5 meat rations
 m - 2 slices of pizza
 o - a royal jelly


   Skills:
 + Level 3.5 Fighting
 + Level 4.3 Long Blades
 + Level 1.8 Throwing
 + Level 1.5 Armour
 + Level 3.5 Dodging
 + Level 0.8 Stealth
 + Level 1.0 Shields


You had 5 spell levels left.
You didn't know any spells.

Dungeon Overview and Level Annotations

Branches:
Dungeon (4/15)
 Temple: D:4-7

Altars:
Trog
Xom
Zin


Innate Abilities, Weirdness & Mutations

Your body is rotting away.
You thrive on raw meat.
You are immune to poison.
You have sharp fingernails.
You are carnivorous and can eat meat at any time.
Your flesh is cold resistant. (rC+)
You are immune to negative energy. (rN+++)
You regenerate slowly when monsters are visible.
You are immune to unholy pain and torment.
You can survive without breathing.


Message History

The orc priest mumbles some strange prayers to Beogh against you.
Beogh smites you!
* * * LOW HITPOINT WARNING * * *
The orc wizard gestures at you while chanting.
The magic dart hits you!
* * * LOW HITPOINT WARNING * * *
The orc wizard casts a spell.
The orc wizard seems to speed up.
The orc priest casts a cantrip, but nothing happens.
The orc wizard casts a spell at you. You resist with some effort.
The orc wizard mumbles some strange words.
The orc wizard blinks!
There is an open door here.
The orc wizard barely misses you.
The orc wizard points at you and mumbles some strange words.
You resist with some effort.
The orc priest calls down the wrath of Beogh upon you.
Beogh smites you!
You die...

#....##.##..).##.##....#..##.
#............................
#............................
#............................
#....(.......................
#............................
#............................
#...##..###......##...####...
#...##..###.@o...##...####...
#....#...........#...........
#....#...........#...........
#....#.........o.'.o...o.....
#...##...##...##.###########.
######...##...##.####... ##.
......#............. #..
........#............. #..
.........#............. #..


You could see an orc priest, an orc wizard and an orc.

Vanquished Creatures
  A phantom (D:4)
  A centaur skeleton (D:4)
  Jessica (D:3)
  Terence (D:3)
  Natasha (D:2)
  2 adders
  An ooze (D:3)
  2 worms (D:3)
  2 dart slugs
  A leopard gecko (D:1)
  An orc (D:3)
  A ball python (D:4)
  2 giant cockroaches
  4 goblins
  7 hobgoblins
  3 jackals (D:2)
  6 kobolds
  4 bats (D:1)
  6 frilled lizards
  7 rats
54 creatures vanquished.

Notes
Turn   | Place    | Note
-------+----------+-------------------------------------------
     0 | D:1      | Peloso the Ghoul Gladiator began the quest for the Orb.
     0 | D:1      | Reached XP level 1. HP: 17/17 MP: 0/0
   113 | D:1      | Reached XP level 2. HP: 22/24 MP: 1/1
   247 | D:1      | Reached skill level 3 in Long Blades
   428 | D:1      | Reached XP level 3. HP: 30/30 MP: 2/2
   695 | D:2      | Found a shimmering altar of Xom.
  1094 | D:2      | Noticed Natasha
  1103 | D:2      | Killed Natasha
  1103 | D:2      | Reached XP level 4. HP: 33/37 MP: 3/3
  1254 | D:2      | Found a bloodstained altar of Trog.
  1425 | D:3      | Noticed Jessica
  1426 | D:3      | Noticed Terence
  1463 | D:3      | Killed Terence
  1463 | D:3      | Reached skill level 1 in Armour
  1480 | D:3      | Killed Jessica
  1480 | D:3      | Reached XP level 5. HP: 24/44 MP: 4/4
  1890 | D:3      | Found a glowing silver altar of Zin.
  2191 | D:4      | Noticed a phantom
  2213 | D:4      | Killed a phantom
  2213 | D:4      | Reached skill level 4 in Long Blades
  2213 | D:4      | Reached skill level 1 in Shields
  2213 | D:4      | Reached XP level 6. HP: 44/51 MP: 5/5
  2379 | D:4      | Killed from afar by an orc priest

Skill      XL: |  1  2  3  4  5 |
---------------+----------------+-----
Long Blades    | 3 4 |  4.3
Dodging        | 3 |  3.5
Armour         | 1 |  1.5
Fighting       | 3 |  3.5
Shields        | 1 |  1.0
Throwing       | |  1.8
Stealth        | |  0.8

Action                   |  1- 3 |  4- 6 || total
-------------------------+-------+-------++-------
Melee: Long sword        |    92 |   107 ||   199
  Use: Scroll            |     4 |       ||     4
       Potion            |       |     1 ||     1
  Eat: Chunk             |     2 |     7 ||     9
Armor: Leather armour    |    30 |    16 ||    46
       Scale mail        |       |    14 ||    14
Dodge: Dodged            |    65 |    43 ||   108
Block: Shield            |       |    44 ||    44
       Rpst.: Long sword |    24 |    11 ||    35
